[Event "*** Titled Tuesday Blitz"]
[Site "Chess.com"]
[Date "2020.04.07"]
[Round "3"]
[White "HonzaVykouk"]
[Black "Parhamov"]
[Result "1-0"]
[WhiteElo "2623"]
[BlackElo "3078"]
[TimeControl "180+1"]
[EndTime "13:28:49 PDT"]
[Termination "HonzaVykouk won by resignation"]

1. e4 c5 2. Nf3 d6 3. d4 cxd4 4.
Nxd4 Nf6 5. Nc3 Nc6 6. Bg5 e6 7.
Qd2 a6 8. O-O-O Bd7 9. f4 Be7 10. Kb1 b5 11. Bxf6 Bxf6 12. Nxc6 Bxc6 13. e5 dxe5 14. Qe1 Qc7 15. Ne4 Be7 16. fxe5 Qxe5 17. Bd3 O-O 18. g4 Rad8 19. h4 h6 20. g5 Rd4 21.
Nd2 Qxe1 22. Rdxe1 Rxh4 23. Rxh4 Bxg5 24. Rh2 Bf4 25. Rhe2 Rd8 26. Rf1 g5 27. Ne4 Bxe4 28. Rxe4 e5 29. Rb4 g4 30. Rbxf4 exf4 31. Rxf4 Re8 32.
Rxg4+ Kf8 33. b4 h5 34. Rh4 Re5 35. a4 Kg7 36. axb5 axb5 37. Kb2 Kh6 38. Kc3 Kg5 39.
Rh1 h4 40. Kd4 f6 41. c4 bxc4 42. Bxc4 Re8 43. b5 f5 44. b6 f4 45. Bd5 Rd8 46. b7 f3 47. Ke3 Kf5 48. Bxf3 Kg5 49. Rc1 Re8+ 50. Kf2 Rb8 51. Rc8 1-0

[Event "*** Titled Tuesday Blitz"]
[Site "Chess.com"]
[Date "2020.04.07"]
[Round "3"]
[White "Alohamora11"]
[Black "joshdaruca"]
[Result "0-1"]
[WhiteElo "2468"]
[BlackElo "2764"]
[TimeControl "180+1"]
[EndTime "13:28:49 PDT"]
[Termination "joshdaruca won by resignation"]

1. e4 c5 2. Nf3 e6 3. d4 cxd4 4. Nxd4 Nc6 5. Nc3 Qc7 6. Nb3 a6 7. g3 Nf6 8. Bg2 h5 9. O-O h4 10. Re1 Ne5 11. Bf4 d6 12. a4 Be7 13. a5 Bd7 14. Na4 hxg3 15. hxg3 Bc6 16. Nb6 Rd8 17. Nd4 Kf8 18. Qe2 g6 19. Rad1 Kg7 20. Bg5 Rh5 21.
Bxf6+ Bxf6 22. f4 Nd7 23. g4 Rh4 24. f5 Bxd4+ 25. Rxd4 Ne5 26. f6+ Kg8 27. Bf3 Rh3 28.
Rf1 Bb5 29. c4 Qc5 30. Kg2 Rxf3 31. Rxf3 Nxf3 32. Kxf3 Qxd4 33. cxb5 Qxf6+ 34. Kg2 axb5 35. Qxb5 Qf4 36. Qe2 Kg7 37. b4 Rh8 38. Kg1 Qc1+ 39. Kf2 Rh2+ 0-1

[Event "*** Titled Tuesday Blitz"]
[Site "Chess.com"]
[Date "2020.04.07"]
[Round "3"]
[White "tandaleo"]
[Black "OhanyanEminChess"]
[Result "1-0"]
[WhiteElo "2341"]
[BlackElo "2579"]
[TimeControl "180+1"]
[EndTime "13:28:49 PDT"]
[Termination "tandaleo won by checkmate"]

1. d4 Nf6 2. c4 e5 3. dxe5 Ng4 4. e3 Nxe5 5. Nh3 Bb4+ 6. Bd2 Bxd2+ 7. Qxd2 d6 8. Nf4 O-O 9. Nc3 Nbd7 10. Be2 Nc5 11.
O-O Ne6 12. Rad1 Nxf4 13. exf4 Nc6 14. Bf3 Be6 15. b3 Rb8 16. Rfe1 Re8 17. Ne4 Bf5 18. Ng3 Bd7 19. Be4 h6 20. Bc2 Qh4 21. Qd3 g6 22. f5 Ne5 23. Rxe5 Rxe5 24. fxg6 f5 25.
Qf3 f4 26. Nf1 Bc6 27. Qc3 Qf6 28. f3 Kg7 29. Re1 Rxe1 30. Qxe1 Re8 31. Qf2 b6 32. Nd2 Qc3 33. Nf1 Re1 34. h4 Qe3 35. Be4 Bxe4 36. fxe4 Qxe4 37. h5 Qe3 38. g4 Re2 39. Nxe3 Rxf2 40.
Kxf2 Kf6 41. Nd5+ Kg7 42. Nxc7 d5 43. Nxd5 b5 44. Nxf4 bxc4 45. bxc4 a5 46. c5 a4 47. c6 Kf6 48. c7 Kg5 49. c8=Q Kh4 50. Qf5 a3 51. Ng2+ Kh3 52. g5+ Kh2 53. Qf4+ Kh3 54. Qh4# 1-0

[Event "*** Titled Tuesday Blitz"]
[Site "Chess.com"]
[Date "2020.04.07"]
[Round "3"]
[White "Pawnpusherschessaccademy"]
[Black "saikrishnaReturns"]
[Result "0-1"]
[WhiteElo "2338"]
[BlackElo "2640"]
[TimeControl "180+1"]
[EndTime "13:28:50 PDT"]
[Termination "saikrishnaReturns won by checkmate"]

1. e4 e5 2. Nf3 Nc6 3. Bb5 a6 4.
Ba4 d6 5. c3 f5 6. exf5 Bxf5 7.
d4 e4 8. Ng5 d5 9. O-O Be7 10. Nh3 Nf6 11. Nf4 O-O 12. h3 Qd6 13. Be3 b5 14. Bc2 Na5 15. Nd2 Nb7 16. Nb3 Nd7 17. Nc1 g5 18. Nxd5 Bd8 19. Bb3 Kh8 20. f3 c6 21. Nb4 a5 22. fxe4 Bxe4 23. Nbd3 Qg3 24. Rxf8+ Nxf8 25. Qe1 Qxg2# 0-1

[Event "*** Titled Tuesday Blitz"]
[Site "Chess.com"]
[Date "2020.04.07"]
[Round "3"]
[White "AyMitecK"]
[Black "INLOVEWITHF"]
[Result "0-1"]
[WhiteElo "2280"]
[BlackElo "2538"]
[TimeControl "180+1"]
[EndTime "13:28:51 PDT"]
[Termination "INLOVEWITHF won by resignation"]

1. e4 c5 2. Nc3 d6 3. d4 cxd4 4.
Qxd4 Nc6 5. Bb5 Bd7 6. Bxc6 bxc6 7. f4 Nf6 8. Nf3 c5 9. Qd3 Bc6 10. O-O e6 11. e5 Nd5 12. exd6 Bxd6 13. Ng5 Nxc3 14.
Qxc3 Qf6 15. Qd3 Rd8 16. Qa6 Qd4+ 17. Kh1 Qa4 18. Qxa4 Bxa4 19. b3 Bc6 20. Bb2 h6 21. Bxg7 Rg8 22. Bxh6 Rg6 23. f5 Rxh6 24. fxe6 Rxh2+ 25. Kg1 0-1

[Event "*** Titled Tuesday Blitz"]
[Site "Chess.com"]
[Date "2020.04.07"]
[Round "3"]
[White "Rubinstein_Akiba"]
[Black "Blagorod"]
[Result "1-0"]
[WhiteElo "2358"]
[BlackElo "2119"]
[TimeControl "180+1"]
[EndTime "13:28:51 PDT"]
[Termination "Rubinstein_Akiba won by checkmate"]

1. e4 e5 2. Nf3 Nf6 3. Nxe5 d6 4. Nxf7 Kxf7 5. Bc4+ Be6 6. Bxe6+ Kxe6 7. O-O Kf7 8.
Nc3 Be7 9. Qe2 Nc6 10. Qc4+ Kf8 11. d4 Qe8 12. f4 Qf7 13. d5 Rc8 14. Bd2 Nd8 15.
e5 Ne8 16. Ne4 c6 17. Qe2 Qxd5 18. Bc3 h6 19. Rad1 Qb5 20. Qg4 Rc7 21. exd6 Nxd6 22.
Qxg7+ Ke8 23. Qxh8+ Kd7 24. Nxd6 Bxd6 25. Rxd6+ Kxd6 26. Qxd8+ Kc5 27. Qd4# 1-0

[Event "*** Titled Tuesday Blitz"]
[Site "Chess.com"]
[Date "2020.04.07"]
[Round "3"]
[White "Harry_Rakkel"]
[Black "ecwinslow"]
[Result "1-0"]
[WhiteElo "2515"]
[BlackElo "2167"]
[TimeControl "180+1"]
[EndTime "13:28:52 PDT"]
[Termination "Harry_Rakkel won by resignation"]

1. c4 e5 2. g3 c6 3. d3 d5 4. cxd5 cxd5 5. Nf3 Nc6 6. Bg2 Be6 7. O-O f6 8. a3 Qd7 9. b4 Bd6 10. Nbd2 Nge7 11.
Nb3 b6 12. Bd2 O-O 13. Qb1 Rfc8 14. Rc1 a5 15. bxa5 bxa5 16. Nc5 Bxc5 17. Rxc5 Rcb8 18. Qc1 Rc8 19. e3 Qd6 20. Rc2 Nd8 21. Bc3 Bf5 22. Qd2 Ne6 23. Ne1 Nc5 24. Rb1 Na4 25. Bxa5 Nc6 26. Bb4 Nxb4 27. Rxb4 Rxc2 28. Qxc2 Nc5 29.
Rb5 d4 30. Qxc5 1-0

[Event "*** Titled Tuesday Blitz"]
[Site "Chess.com"]
[Date "2020.04.07"]
[Round "3"]
[White "Alopekos"]
[Black "Tayson_7"]
[Result "0-1"]
[WhiteElo "2441"]
[BlackElo "2720"]
[TimeControl "180+1"]
[EndTime "13:28:53 PDT"]
[Termination "Tayson_7 won by resignation"]

1. e4 e5 2. Nf3 Nc6 3. Bb5 a6 4. Ba4 Nf6 5. O-O Be7 6. Re1 b5 7. Bb3 d6 8. a4 O-O 9. axb5 Nb8 10. d4 Nbd7 11. Nc3 Bb7 12. bxa6 Bxa6 13. Bg5 Bb7 14.
Rxa8 Qxa8 15. dxe5 Nxe5 16. Nd4 h6 17. Nf5 hxg5 18.
Nxe7+ Kh7 19. Ncd5 Bxd5 20. Nxd5 Nxd5 21. Qh5+ Kg8 22.
Bxd5 Qa5 23. Rf1 Qb4 24. Qxg5 Qxb2 25. f4 c6 26. fxe5 cxd5 27. exd6 dxe4 28. d7 Qd4+ 29. Kh1 Qxd7 30. Qe3 f5 31. c4 Qe6 32. h3 Qxc4 33. Rf4 Qe6 34. Kh2 Qe5 35. Kh1 Rd8 36. Qf2 Rd1+ 37.
Kh2 e3 38. Qg3 0-1

[Event "*** Titled Tuesday Blitz"]
[Site "Chess.com"]
[Date "2020.04.07"]
[Round "3"]
[White "Schachmalanders"]
[Black "mbojan"]
[Result "0-1"]
[WhiteElo "2303"]
[BlackElo "2691"]
[TimeControl "180+1"]
[EndTime "13:28:53 PDT"]
[Termination "mbojan won by resignation"]

1. e4 c5 2. Nc3 e6 3. g3 Nc6 4. Bg2 Nf6 5. Nge2 d5 6. exd5 exd5 7. d3 d4 8. Ne4 Be7 9. O-O O-O 10. Nf4 Bf5 11. Nxf6+ Bxf6 12. Nd5 Be5 13. Bf4 Re8 14. Re1 Qd7 15. Bxe5 Nxe5 16. Qh5 Bg6 17. Qg5 f6 18. Qh4 Bf7 19. c4 Nxd3 20. Be4 Bg6 21. Bxd3 Bxd3 22. Qf4 Bxc4 23. Nc7 Rxe1+ 24. Rxe1 Rf8 25. b3 Bf7 26. a4 a6 27. b4 Rc8 28. bxc5 Qxc7 29. Qxd4 Qxc5 30.
Qd7 Qc7 31. Qd4 Rd8 32. Qf4 Qxf4 0-1

[Event "*** Titled Tuesday Blitz"]
[Site "Chess.com"]
[Date "2020.04.07"]
[Round "3"]
[White "AlphaZ3r0"]
[Black "Moon_stone123"]
[Result "0-1"]
[WhiteElo "2254"]
[BlackElo "2487"]
[TimeControl "180+1"]
[EndTime "13:28:54 PDT"]
[Termination "Moon_stone123 won by resignation"]

1. Nf3 Nf6 2. c3 g6 3. g3 Bg7 4. Bg2 O-O 5. O-O d6 6. d4 c5 7. Nbd2 cxd4 8. Nxd4 a6 9. e4 Bd7 10. Re1 Nc6 11. a4 Rc8 12. Nxc6 Bxc6 13. a5 Nd7 14. Nc4 Bb5 15. Ne3 Ne5 16. Nd5 Nc4 17. Bg5 Re8 18. b3 Nxa5 19. Nxe7+ Rxe7 20. Bxe7 Qxe7 21. Rxa5 Bxc3 22.
Rxb5 axb5 23. Re2 b4 24. Ra2 Qf6 25. Qd5 b6 26. h4 h5 27. Bf1 Bd4 28. Bc4 Kg7 29.
Kg2 Re8 30. f3 Bc5 31. Ra7 Rf8 32. f4 b5 33. Bxb5 Bxa7 34. e5 dxe5 35. fxe5 Qf2+ 36.
Kh3 Qf5+ 37. Kg2 Bb8 0-1

[Event "*** Titled Tuesday Blitz"]
[Site "Chess.com"]
[Date "2020.04.07"]
[Round "3"]
[White "davigator"]
[Black "annacramling"]
[Result "1-0"]
[WhiteElo "2329"]
[BlackElo "1958"]
[TimeControl "180+1"]
[EndTime "13:28:55 PDT"]
[Termination "davigator won on time"]

1. e4 c5 2. Nf3 a6 3. d4 cxd4 4. Nxd4 Nf6 5. Bd3 e5 6. Nb3 Nc6 7. c4 d6 8. O-O Be7 9. Nc3 h6 10.
Nd5 O-O 11. Qe2 Be6 12. Be3 Bxd5 13. cxd5 Nb8 14. f3 Nbd7 15. Rac1 b6 16. Nd2 Nc5 17. b4 Nxd3 18. Qxd3 Nd7 19. Rc6 a5 20. a3 axb4 21.
axb4 Qb8 22. Qb5 Ra3 23. Bf2 Bg5 24. Nc4 Ra2 25. Nxd6 Qa8 26. Nf5 Ra1 27. h4 Rxf1+ 28. Qxf1 Bf4 29. g3 Bd2 30. Qc4 g6 31. Ne7+ Kg7 32.
d6 Qa1+ 33. Kg2 Nf6 34. Nd5 Nxd5 35. Qxd5 Ra8 36. Rc2 Bxb4 37. d7 Rd8 38. Bxb6 Be7 39.
Bxd8 Bxd8 40. Rd2 Qa4 41. Qd3 Qa5 42. f4 f6 43. fxe5 fxe5 44. Rf2 Qb6 45. Qd5 1-0

[Event "*** Titled Tuesday Blitz"]
[Site "Chess.com"]
[Date "2020.04.07"]
[Round "3"]
[White "DonBroca"]
[Black "The_Machine04"]
[Result "0-1"]
[WhiteElo "2072"]
[BlackElo "2384"]
[TimeControl "180+1"]
[EndTime "13:28:56 PDT"]
[Termination "The_Machine04 won on time"]

1. e4 d6 2. d4 Nf6 3. Nc3 e5 4.
Nf3 Nbd7 5. g4 d5 6. dxe5 Nxe4 7.
Qxd5 Nxc3 8. bxc3 c6 9. Qe4 Nc5 10. Qf4 Ne6 11. Qd2 Qa5 12. c4 Bb4 13. Be2 Bxd2+ 14.
Bxd2 Qc7 15. h3 O-O 16. Bc3 Nc5 17. Bb4 b6 18. a4 a5 19. Bc3 Be6 20. Kf1 Ne4 21. Bb2 Rad8 22. Bd3 Nc5 23. Ke2 Nxd3 24. cxd3 c5 25. Rhd1 Qc6 26. Rd2 Rd7 27. Ng5 h6 28. Ne4 Rfd8 29. f4 Bxc4 30. Nd6 Qg2+ 31. Kd1 Bb3+ 32. Ke1 Qg3+ 33. Ke2 Qxf4 34. Rf1 Qh2+ 35.
Rf2 Qg3 36. Ne4 Qh4 37. g5 Qxe4+ 38. dxe4 Rxd2+ 39. Ke3 Rxf2 40. Kxf2 Rd2+ 41. Kf3 Rxb2 42. gxh6 gxh6 43. e6 Bxe6 44. h4 Rb4 45. h5 Rxa4 46.
e5 Rb4 47. Ke3 a4 48. Kd3 a3 49.
Kc3 a2 50. Kc2 a1=Q 51. Kd3 Qa3+ 52. Kc2 Rb2+ 0-1

[Event "*** Titled Tuesday Blitz"]
[Site "Chess.com"]
[Date "2020.04.07"]
[Round "3"]
[White "ParvizGasimov"]
[Black "SimonKnightRivendell"]
[Result "1-0"]
[WhiteElo "2326"]
[BlackElo "1900"]
[TimeControl "180+1"]
[EndTime "13:28:56 PDT"]
[Termination "ParvizGasimov won on time"]

1. e4 e6 2. d4 d5 3. Nd2 dxe4 4.
Nxe4 Nf6 5. Nxf6+ Qxf6 6. Nf3 h6 7. Bd3 Bd6 8. O-O O-O 9. c4 c5 10. Be3 Nd7 11. Re1 b6 12. Nd2 cxd4 13. Ne4 Bxh2+ 14. Kxh2 Qh4+ 15. Kg1 dxe3 16. Rxe3 Bb7 17. Rh3 Qe7 18. Nd6 Nf6 19. Nxb7 Qxb7 20. Qe2 Rfd8 21.
Rg3 Rd4 22. Qe5 Rg4 23. Re1 Rxg3 24. Qxg3 Rd8 25. Bb1 Qc6 26. b3 Qd6 27. Qf3 Rd7 28.
g3 Qd2 29. Rf1 Rd8 30. Kg2 Qd7 31. Re1 Qe7 32. Qc6 g6 33. Bxg6 fxg6 34. Rxe6 1-0

[Event "*** Titled Tuesday Blitz"]
[Site "Chess.com"]
[Date "2020.04.07"]
[Round "3"]
[White "nfds"]
[Black "hansen"]
[Result "0-1"]
[WhiteElo "2586"]
[BlackElo "3026"]
[TimeControl "180+1"]
[EndTime "13:28:57 PDT"]
[Termination "hansen won by resignation"]

1. Nf3 Nf6 2. c4 e6 3. b3 d5 4. cxd5 exd5 5. Bb2 a5 6. a3 Bd6 7. e3 O-O 8. Be2 Re8 9. O-O Nbd7 10. d3 Nf8 11. Nbd2 Ng6 12. Re1 c6 13. Qc2 Qe7 14. Bf1 Bg4 15. g3 Rad8 16. Bg2 Nd7 17. Qc3 Qf6 18.
Qc2 Qf5 19. Qc3 f6 20. e4 dxe4 21. dxe4 Qh5 22. Nc4 Bc7 23. b4 axb4 24. axb4 Kh8 25. Nd4 Nde5 26. f4 Nxc4 27. Qxc4 Nxf4 28. gxf4 Bxf4 29.
Ne2 Qxh2+ 30. Kf1 Be3 31. Bd4 Bh3 0-1

[Event "*** Titled Tuesday Blitz"]
[Site "Chess.com"]
[Date "2020.04.07"]
[Round "3"]
[White "Evgeny81"]
[Black "wild_cat99"]
[Result "1-0"]
[WhiteElo "2753"]
[BlackElo "2519"]
[TimeControl "180+1"]
[EndTime "13:28:57 PDT"]
[Termination "Evgeny81 won by resignation"]

1. d4 Nf6 2. c4 g6 3. Nc3 d5 4. e3 Bg7 5. Qb3 dxc4 6. Bxc4 O-O 7. Nf3 Nc6 8. Be2 Na5 9. Qc2 b6 10. O-O Bb7 11. b4 Nc6 12. a3 e6 13. Bb2 Ne7 14.
Rac1 Rc8 15. Rfd1 Nfd5 16. Nxd5 Nxd5 17. Ne5 Qg5 18. Bf3 Bxe5 19. dxe5 Nxe3 20. h4 Nxc2 21.
hxg5 Bxf3 22. gxf3 Nxb4 23. axb4 c5 24. bxc5 Rxc5 25.
Rxc5 bxc5 26. Rd7 Re8 27. Rxa7 Rc8 28. Bc3 h6 29. gxh6 g5 30. Bd2 c4 31. Bxg5 c3 32.
Kf1 c2 33. Ra1 Kh7 34. Rc1 Kg6 35. Be3 Kf5 36. Ke2 Kxe5 37. Kd3 Kf5 38. Rxc2 Rd8+ 39. Ke2 e5 40. Rc7 Kg6 41. Re7 Rd5 42. h7 Kxh7 43.
Rxf7+ Kg6 44. Ra7 Rb5 45. Ra4 Kf6 46. f4 exf4 47. Rxf4+ Ke5 48. Rh4 Rb2+ 49. Kf3 Kd5 50. Rh5+ Ke6 51. Ke4 Rb4+ 52. Bd4 Rb1 53. Rh6+ Kf7 54.
f4 Re1+ 55. Kf5 Rd1 56. Be5 Rd5 57. Rh7+ Kg8 58. Ra7 Rb5 59. Kg6 Rb6+ 60. Bf6 Rb8 61. Rh7 1-0

[Event "*** Titled Tuesday Blitz"]
[Site "Chess.com"]
[Date "2020.04.07"]
[Round "3"]
[White "Evhen_Taranenko"]
[Black "BobSacIt"]
[Result "0-1"]
[WhiteElo "2358"]
[BlackElo "2193"]
[TimeControl "180+1"]
[EndTime "13:28:57 PDT"]
[Termination "BobSacIt won on time"]

1. d4 Nf6 2. Nf3 d6 3. Bf4 Nbd7 4. h3 c5 5. e3 Qb6 6. Nc3 Qxb2 7.
Nb5 Nd5 8. Bc4 Qb4+ 9. Nd2 Nc3 10. Nxc3 Qxc3 11. O-O cxd4 12. exd4 Qxd4 13. Be3 Qf6 14.
Ne4 Qg6 15. Bd3 Ne5 16. Bb5+ Bd7 17. Bxd7+ Nxd7 18. Qf3 Ne5 19. Qf4 e6 20. Rfd1 Rd8 21. Bxa7 Be7 22. Bb6 Rd7 0-1

[Event "*** Titled Tuesday Blitz"]
[Site "Chess.com"]
[Date "2020.04.07"]
[Round "3"]
[White "Mikromurks"]
[Black "Viuvanegra"]
[Result "1-0"]
[WhiteElo "2329"]
[BlackElo "1943"]
[TimeControl "180+1"]
[EndTime "13:28:57 PDT"]
[Termination "Mikromurks won on time"]

1. d4 d5 2. Bf4 Nf6 3. Nf3 Bg4 4. Ne5 Bh5 5. c4 c6 6. Nc3 e6 7. Qb3 Qb6 8. c5 Qxb3 9. axb3 Na6 10. e3 Nb4 11. Kd2 Be7 12. Ra4 a5 13. f3 O-O 14.
Be2 Rfd8 15. h4 Nd7 16. Rha1 Nxe5 17. Bxe5 Bg6 18. Bc7 Rdc8 19. Bxa5 Na6 20. g3 e5 21. Bb6 exd4 22. exd4 Bf6 23. f4 h5 24. Rf1 Bf5 25.
Bxh5 Bxd4 26. Rxd4 1-0

[Event "*** Titled Tuesday Blitz"]
[Site "Chess.com"]
[Date "2020.04.07"]
[Round "3"]
[White "canary2016"]
[Black "mmaks007"]
[Result "0-1"]
[WhiteElo "1828"]
[BlackElo "2320"]
[TimeControl "180+1"]
[EndTime "13:28:57 PDT"]
[Termination "mmaks007 won by resignation"]

1. Nf3 g6 2. g3 Bg7 3. Bg2 d6 4. O-O e5 5. d3 f5 6. e4 Nf6 7.
Re1 O-O 8. b3 h6 9. Bb2 g5 10.
Nbd2 f4 11. c3 g4 12. Nh4 f3 13. Bf1 Kh7 14. d4 Qe7 15. Nc4 Nc6 16. d5 Nd8 17. Ne3 Ng8 18. Nhf5 Qf7 19. Qd3 h5 20. c4 Nh6 21. Nxg7 Qxg7 22. b4 h4 23. c5 hxg3 24.
hxg3 Rh8 25. cxd6 cxd6 26. Nf5 Nxf5 27. exf5 Kg8 28. Re4 Bxf5 29. Qe3 Qh7 30. Qg5+ Kf8 31. Qf6+ Nf7 32. Qh4 Qg7 33. Qxh8+ Qxh8 34. Re3 Qh5 35. Rc1 Kg7 36. Rc7 Rh8 37. Bg2 fxg2 0-1

[Event "*** Titled Tuesday Blitz"]
[Site "Chess.com"]
[Date "2020.04.07"]
[Round "3"]
[White "Gabix_94"]
[Black "LastHeroJr"]
[Result "1-0"]
[WhiteElo "2888"]
[BlackElo "2553"]
[TimeControl "180+1"]
[EndTime "13:28:58 PDT"]
[Termination "Gabix_94 won by checkmate"]

1. d4 Nf6 2. c4 g6 3. Nc3 Bg7 4. e4 d6 5. f3 O-O 6. Nge2 Nc6 7. Be3 a6 8. Qd2 Rb8 9. Rc1 Bd7 10. Nd1 e6 11. Nf2 Qe7 12. g3 Rfd8 13. Bg2 Be8 14. O-O b5 15. cxb5 axb5 16. b4 Na7 17. Rc2 Nc8 18. Rfc1 Rb7 19. Nd3 Nb6 20. Nb2 Ra8 21. Nc3 Ra3 22. Bf1 c6 23. Bf2 h5 24. h3 Nfd7 25. f4 Nb8 26. e5 d5 27. Nd3 Nc4 28. Qe1 Nd7 29. g4 hxg4 30. hxg4 Qf8 31. Bh4 Rba7 32.
Rh2 Ncb6 33. Bg5 f6 34. exf6 Nxf6 35. Ne5 Nc4 36. Qh4 Rxc3 37. Rxc3 Qxb4 38. Bxf6 Qf8 39. Qh7# 1-0

[Event "*** Titled Tuesday Blitz"]
[Site "Chess.com"]
[Date "2020.04.07"]
[Round "3"]
[White "almo64"]
[Black "Eltarolo"]
[Result "1-0"]
[WhiteElo "2697"]
[BlackElo "2332"]
[TimeControl "180+1"]
[EndTime "13:28:58 PDT"]
[Termination "almo64 won by resignation"]

1. e4 c5 2. Nf3 d6 3. d4 cxd4 4. Nxd4 Nf6 5. Nc3 g6 6. Be3 Bg7 7. Qd2 O-O 8. O-O-O Ng4 9. Bg5 h6 10. Bh4 Nc6 11. Nxc6 bxc6 12. h3 Ne5 13. f4 Nd7 14.
Bc4 a5 15. Na4 Nb6 16. Bb3 Nxa4 17. Bxa4 Rb8 18. c3 Qc7 19. Rhe1 Be6 20. Kb1 Rb7 21. Ka1 Rfb8 22. Rb1 Qb6 23. Bf2 Qa6 24. Bd4 c5 25. Bxg7 Kxg7 26. g4 f6 27. f5 Bf7 28. fxg6 Bxg6 29. h4 Qc4 30. Bc6 Bf7 31. b3 Rxb3 32. axb3 Rxb3 33. Rxb3 Qxb3 34. Qb2 Qb4 35. cxb4 1-0

[Event "*** Titled Tuesday Blitz"]
[Site "Chess.com"]
[Date "2020.04.07"]
[Round "3"]
[White "Vuk2000"]
[Black "CzechmVIII"]
[Result "1-0"]
[WhiteElo "2639"]
[BlackElo "2239"]
[TimeControl "180+1"]
[EndTime "13:28:58 PDT"]
[Termination "Vuk2000 won by checkmate"]

1. e4 c5 2. Nc3 Nc6 3. g3 g6 4.
Bg2 Bg7 5. d3 d6 6. Be3 Nh6 7.
Qd2 Ng4 8. Nge2 Nxe3 9. Qxe3 O-O 10. O-O Nd4 11. Qd2 Rb8 12. Rab1 b5 13. a3 a5 14. b4 axb4 15. axb4 Nxe2+ 16. Nxe2 Qc7 17. c3 cxb4 18. Rxb4 Bd7 19. Rfb1 Rfc8 20. d4 Be6 21. h4 Bc4 22.
Nc1 Ra8 23. h5 Ra3 24. hxg6 hxg6 25. Bf3 d5 26. e5 e6 27. Be2 Kh7 28. Bxc4 bxc4 29.
Rb7 Qa5 30. Rxf7 Qxc3 31. Rxg7+ Kxg7 32. Rb7+ Kg8 33. Qh6 Qe1+ 34. Kg2 Qe4+ 35. Kh2 Qf5 36. Qg7# 1-0

[Event "*** Titled Tuesday Blitz"]
[Site "Chess.com"]
[Date "2020.04.07"]
[Round "3"]
[White "dretch"]
[Black "awesomevishesh"]
[Result "1-0"]
[WhiteElo "2794"]
[BlackElo "2471"]
[TimeControl "180+1"]
[EndTime "13:28:58 PDT"]
[Termination "dretch won by resignation"]

1. d4 Nf6 2. c4 g6 3. Nc3 Bg7 4. e4 d6 5. Nf3 O-O 6. h3 e5 7. dxe5 dxe5 8. Qxd8 Rxd8 9. Bg5 Re8 10.
Nd5 Nxd5 11. cxd5 c6 12. Bc4 cxd5 13. Bxd5 Nc6 14. Ke2 Be6 15. Bxe6 Rxe6 16. Rhd1 Nd4+ 17. Nxd4 exd4 18. Kd3 Rae8 19. f3 Rb6 20. b3 h6 21.
Bd2 f5 22. Re1 fxe4+ 23. Rxe4 Rxe4 24. Kxe4 Kf7 25. Rc1 Re6+ 26. Kd3 Re7 27. Bf4 h5 28. Rc7 Rxc7 29. Bxc7 Ke6 30. Ke4 d3 31. Kxd3 Kd5 32.
Bf4 a6 33. Bd2 b5 34. Bc3 Bh6 35. g4 hxg4 36. fxg4 Bg5 37. Be1 Bf6 38. h4 Be7 39. h5 gxh5 40. gxh5 Ke5 41. h6 Kf6 42. Bh4+ 1-0

[Event "*** Titled Tuesday Blitz"]
[Site "Chess.com"]
[Date "2020.04.07"]
[Round "3"]
[White "JiangoFett"]
[Black "GianmarcoVaR"]
[Result "0-1"]
[WhiteElo "2297"]
[BlackElo "2628"]
[TimeControl "180+1"]
[EndTime "13:28:59 PDT"]
[Termination "GianmarcoVaR won on time"]

1. d4 e6 2. c4 Nf6 3. g3 d5 4. Bg2 dxc4 5. Nf3 a6 6. a4 c5 7. O-O Nc6 8. dxc5 Qxd1 9. Rxd1 Bxc5 10. Nbd2 c3 11. bxc3 Bd7 12. Nb3 Ba7 13. Ba3 Ne4 14. e3 Nxc3 15. Rd3 Nxa4 16. Rad1 O-O-O 17. Ng5 Ne5 18. Rc1+ Bc6 19. Bxc6 Nxd3 20. Bxa4+ Nxc1 0-1

[Event "*** Titled Tuesday Blitz"]
[Site "Chess.com"]
[Date "2020.04.07"]
[Round "3"]
[White "czasnaszachy"]
[Black "Firegrizzly"]
[Result "0-1"]
[WhiteElo "2346"]
[BlackElo "2601"]
[TimeControl "180+1"]
[EndTime "13:29:02 PDT"]
[Termination "Firegrizzly won on time"]

1. d4 Nf6 2. c4 e6 3. Nf3 d5 4. Nc3 a6 5. cxd5 exd5 6. Bf4 Be6 7. e3 Bd6 8. Bg3 O-O 9. Bd3 Re8 10. Rc1 c6 11.
Qb3 Re7 12. Bh4 Rc7 13. Ne5 Nbd7 14. f4 c5 15. Qc2 Nf8 16. f5 Bc8 17. O-O cxd4 18.
exd4 h6 19. Kh1 N8h7 20. Qd1 Be7 21. Qf3 b5 22. g4 Bb7 23. Bg3 b4 24. Ne2 Rxc1 25.
Rxc1 Ng5 26. Qf4 Rc8 27. Rg1 Nge4 28. Be1 Nh7 29. Ng3 Bg5 30. Qf3 Nxg3+ 31. Bxg3 Nf6 32. h4 Ne4 33. hxg5 Qxg5 0-1

[Event "*** Titled Tuesday Blitz"]
[Site "Chess.com"]
[Date "2020.04.07"]
[Round "3"]
[White "mshuaau0"]
[Black "bestluluNA"]
[Result "1-0"]
[WhiteElo "2217"]
[BlackElo "2505"]
[TimeControl "180+1"]
[EndTime "13:29:02 PDT"]
[Termination "mshuaau0 won on time"]

1. e4 e5 2. Nf3 Nc6 3. Bc4 Bc5 4. d3 Nf6 5. O-O d6 6. h3 a6 7. a3 h6 8. Nc3 g5 9. Nd5 Rg8 10. Nh2 Be6 11. Be3 Bxd5 12. Bxd5 Nxd5 13. exd5 Ne7 14. Bxc5 dxc5 15. Ng4 Qd6 16. Qf3 f5 17. Ne3 Qf6 18. Rfe1 O-O-O 19. Ng4 Qd6 20. Nxe5 Qxd5 21. Qxd5 Rxd5 22.
Nf7 Kd7 23. Nxh6 Rf8 24. g4 f4 25. Re4 Rd6 26. Rae1 Nc6 27. Nf5 Rxf5 28. gxf5 Nd4 29. Rxd4 cxd4 30. Re4 c5 31. h4 Rf6 32. hxg5 Rxf5 33. Kf1 f3 34. Rg4 Ke6 35. g6 Rf8 36. g7 Rg8 37. Rg3 Rxg7 38. Rxg7 1-0

[Event "*** Titled Tuesday Blitz"]
[Site "Chess.com"]
[Date "2020.04.07"]
[Round "3"]
[White "guillembaches"]
[Black "Fibrinogen"]
[Result "1-0"]
[WhiteElo "2460"]
[BlackElo "2694"]
[TimeControl "180+1"]
[EndTime "13:29:03 PDT"]
[Termination "guillembaches won by resignation"]

1. e4 c5 2. Nf3 e6 3. g3 Nc6 4.
Bg2 a6 5. O-O Qc7 6. c3 Nf6 7. Re1 b5 8. d4 cxd4 9. cxd4 Bb7 10. Bf4 d6 11. d5 Ne5 12. dxe6 fxe6 13.
Nd4 Qf7 14. a4 Ng6 15. Be3 b4 16. Qb3 Nxe4 17. Nxe6 d5 18. Ng5 Qf5 19. Nxe4 dxe4 20.
Nc3 Be7 21. Rad1 Ne5 22. Nd5 Bd6 23. Bf4 Rd8 24. Bxe4 Qh5 25. Bg2 Qf5 26. Ne3 Qf6 27.
Bxb7 1-0

[Event "*** Titled Tuesday Blitz"]
[Site "Chess.com"]
[Date "2020.04.07"]
[Round "3"]
[White "m-garcett"]
[Black "ChessBitl"]
[Result "0-1"]
[WhiteElo "1901"]
[BlackElo "2322"]
[TimeControl "180+1"]
[EndTime "13:29:07 PDT"]
[Termination "ChessBitl won on time"]

1. e4 c5 2. Nf3 Nc6 3. d4 cxd4 4.
Nxd4 g6 5. Be3 Nf6 6. Nc3 Bg7 7. Bc4 O-O 8. Bb3 a5 9. O-O a4 10. Bxa4 Nxe4 11. Bxc6 Nxc3 12. bxc3 dxc6 13. Qd2 e5 14. Nb3 Bf5 15. Rfd1 Qc7 16. Qe2 Rfe8 17. h3 Be6 18.
Qf3 f5 19. Qe2 b6 20. Bd2 Ra3 21. Bc1 Ra4 22. Bb2 Rea8 23. a3 c5 24. Rd2 Re4 25. Qd3 c4 26. Qd6 Qf7 27. Nc1 Bf8 28. Qxb6 Re1+ 29.
Kh2 e4 30. Re2 Rd1 31. Qe3 Rad8 32. a4 Bd6+ 0-1

[Event "*** Titled Tuesday Blitz"]
[Site "Chess.com"]
[Date "2020.04.07"]
[Round "3"]
[White "Batica1984"]
[Black "Kobalia"]
[Result "1-0"]
[WhiteElo "2844"]
[BlackElo "2605"]
[TimeControl "180+1"]
[EndTime "13:29:08 PDT"]
[Termination "Batica1984 won by resignation"]

1. e4 c6 2. d4 d5 3. e5 Bf5 4. h4 h5 5. c4 e6 6. Nc3 Ne7 7. Nge2 Nd7 8. Ng3 Bg6 9. Bg5 dxc4 10. Nge4 Nb6 11. Nd6+ Kd7 12. Nxb7 Qc7 13. Nc5+ Ke8 14. Be2 Nf5 15. O-O Be7 16. N3e4 Rd8 17. Bxe7 Qxe7 18. Qe1 Qxh4 19. Rd1 Rxd4 20. Nd6+ Kf8 21. Bf3 Nd5 22. Qa5 Rxd1 23. Rxd1 Kg8 24. Qxa7 Nd4 25. Bxd5 cxd5 26. Nd7 Ne2+ 27. Kf1 Bd3 28. Nf6+ 1-0